 Dungeon Crawl Stone Soup version 0.19.1-28-ge1247f7 (webtiles) character file.

344526 Lahna the Shatterer (level 22, -3/228 HPs)
             Began as a Gargoyle Berserker on Jan 21, 2017.
             Was the Champion of Trog.
             Slain by an ettin
             ... wielding a +0 dire flail
              (6 damage)
             ... on level 3 of the Vaults on Jan 22, 2017.
             The game lasted 02:57:18 (54600 turns).

Lahna the Shatterer (Gargoyle Berserker)           Turns: 54600, Time: 02:57:19

Health: -3/228     AC: 56    Str: 27    XL:     22   Next: 8%
Magic:  22/22      EV: 17    Int: 10    God:    Trog [******]
Gold:   1293       SH:  0    Dex: 16    Spells: 0 memorised, 21 levels left

rFire  + + +     SeeInvis +     T - +9 great mace (elec)
rCold  + . .     Gourm    .     A - +6 plate armour {rC+}
rNeg   + + .     Faith    +     (shield currently unavailable)
rPois  ∞         Spirit   .     n - +2 helmet {SInv}
rElec  +         Reflect  .     U - +2 cloak "Loafakaq" {*Drain rElec rF+++ rN+}
rCorr  .         Harm     .     v - +2 pair of gloves
MR     +++..                    B - +0 pair of boots
Stlth  ..........               X - amulet of faith
                                s - ring of protection from magic
                                O - ring of protection from magic

@: berserking, very quick
A: big wings, negative energy resistance 1, electricity resistance, unbreathing,
petrification resistance, rot immunity, AC +16
a: Fly, Berserk, Trog's Hand, Brothers in Arms, Burn Spellbooks, Renounce
Religion
}: 2/15 runes: barnacled, gossamer


You were on level 3 of the Vaults.
You worshipped Trog.
Trog was exalted by your worship.
You were hungry.

You visited 8 branches of the dungeon, and saw 37 of its levels.
You also visited: Sewer and Ice Cave.

You collected 3633 gold pieces.
You spent 2340 gold pieces at shops.

Inventory:

Hand Weapons
 T - a +9 great mace of electrocution (weapon)
Armour
 n - a +2 helmet of see invisible (worn)
 v - a +2 pair of gloves (worn)
 A - a +6 plate armour of cold resistance (worn)
 B - a +0 pair of boots (worn)
 U - the +2 cloak "Loafakaq" (worn) {*Drain rElec rF+++ rN+}
   (You bought it in a shop on level 2 of the Orcish Mines)

   It renders you almost immune to fire.
   It insulates you from electricity.
   It protects you from negative energy.
   It causes draining when unequipped.
Jewellery
 s - a ring of protection from magic (right hand)
 O - a ring of protection from magic (left hand)
 X - an amulet of faith (around neck)
Wands
 a - a wand of teleportation (9/9)
 e - a wand of slowing (19/48)
 f - a wand of flame (31/48)
 l - a wand of confusion (38/48)
 p - a wand of slowing (16/48)
 y - a wand of paralysis (13/24)
 M - a wand of lightning (6/15)
 Q - a wand of iceblast (5/15)
 S - a wand of acid (7/15)
Scrolls
 b - a scroll of enchant weapon
 d - 5 scrolls of recharging
 h - 8 scrolls of teleportation
 k - 4 scrolls of fear
 q - 2 scrolls of blinking
 C - 12 scrolls of remove curse
 F - 5 scrolls of fog
 G - 4 scrolls of identify
 J - a scroll of magic mapping
 P - a scroll of silence
 R - a scroll of holy word
Potions
 j - a potion of brilliance
 m - 8 potions of curing
 o - 9 potions of flight
 r - a potion of cancellation
 u - 4 potions of might
 w - a potion of heal wounds
 x - 7 potions of agility
 z - 4 potions of resistance
 E - 6 potions of ambrosia
 I - 3 potions of cure mutation
 L - 4 potions of haste
Comestibles
 c - 27 bread rations
 g - 12 chunks of flesh
 i - 26 beef jerkies
 t - 11 fruits
 D - a slice of pizza
 N - 2 royal jellies


   Skills:
 - Level 20.0 Fighting
 - Level 21.0 Maces & Flails
 - Level 21.0 Armour
 + Level 13.6 Dodging


You had 21 spell levels left.
You didn't know any spells.

Dungeon Overview and Level Annotations

Branches:
Dungeon (15/15)            Temple (0/1) D:5            Lair (6/6) D:9
 Shoals (4/4) Lair:3       Spider (4/4) Lair:3        Slime (0/5) Lair:6
    Orc (2/2) D:10            Elf (2/3) Orc:2        Vaults (3/5) D:13
  Crypt (0/3) Vaults:2     Depths (1/5) D:15

Altars:
Cheibriados
Dithmenos
Elyvilon
Kikubaaqudgha
Makhleb
Nemelex Xobeh
Ru
Sif Muna
Trog
Uskayaw
Vehumet
Xom
Yredelemnul
Zin
The Shining One
Beogh

Shops:
D:6 =   D:8 =   D:11 =   D:15 *   Orc:2 ![[(}(   Elf:1 [[   Elf:2 [
Shoals:4 (   Vaults:2 *[   Depths:1 =

Portals:
Ziggurat: Depths:1
Trove: D:11 (give +3 gold dragon scales)

Annotations:
D:5 Prince Ribbit


Innate Abilities, Weirdness & Mutations

You are resistant to torment.
Your stone body is resilient. (AC +16)
You are immune to poison.
Your large and strong wings let you fly indefinitely.
You resist negative energy. (rN+)
You are resistant to electric shocks. (rElec)
You can survive without breathing.
You are immune to petrification.
You are immune to rotting.


Message History

Trog accepts your kill.
The runic seal fades away.
The ettin misses you. The ettin hits you with a dire flail.
The ironbrand convoker hits you with a mace.
Items here: ( ))) [ ††††† You barely miss the wizard.
The wizard closely misses you. The ettin hits you but does no damage.
The ettin hits you with a dire flail!!!
* * * LOW HITPOINT WARNING * * *
You thump the wizard!
There is a sudden explosion of sparks!
The wizard is heavily wounded.
The ironbrand convoker begins to recite a word of recall!
You closely miss the wizard.
The wizard is heavily wounded.
The wizard barely misses you.
You sock the wizard!
The wizard is almost dead.
The ettin hits you with a dire flail!!
* * * LOW HITPOINT WARNING * * *
The ettin hits you with a dire flail.
You die...

.. .. .. .. ...
.. .. ... ....
#. .# ....
....##. .##....
....... .......
....... .......
#.....p##......#
##
#.....p@.......#
.#
#######C'#######
.#
#.......(......#
.#
#..............#
.#
#..............#
.#
#######).#######
.#
####+#########
.#
#...)))......#
.#
#....).......#


You could see an ettin, an ironbrand convoker and a wizard.

Vanquished Creatures
  Xtahua (Vaults:2)
  Jory (Vaults:3)
  Arachne (Spider:3)
  Asterion (Spider:3)
  A kraken (Shoals:3)
  2 sphinxes (Vaults:3)
  The ghost of dricus the Devastator, an adept DECj of Vehumet (Spider:3)
  Donald (Spider:3)
  Ilsuiw (Shoals:4)
  2 ghost moths (Spider:4)
  4 deep elf sorcerers
  A fire giant (Vaults:2)
  Aizul (Spider:3)
  6 vault wardens
  2 angels (D:15)
  2 frost giants (Vaults:3)
  7 emperor scorpions
  12 ironheart preservers
  A stone giant (Vaults:3)
  An entropy weaver (Spider:2)
  A vampire knight (D:15)
  A deep elf demonologist (Vaults:2)
  4 very ugly things (D:15)
  2 deep elf annihilators
  2 merfolk javelineers (Shoals:4)
  Snorg (Orc:1)
  8 fire dragons
  A deep elf death mage (Vaults:2)
  4 yaktaur captains
  3 great orbs of eyes
  9 merfolk impalers
  12 vault guards
  Josephine (Spider:1)
  Fannar (Orc:1)
  The ghost of Angani the Timeless, a journeyman FoMo of Cheibriados (Lair:1)
  4 ice dragons
  4 merfolk avatars
  6 hydras
  3 rakshasas
  Erica (Orc:1)
  11 centaur warriors
  3 alligator snapping turtles
  4 deep troll shamans
  9 death yaks
  7 merfolk aquamancers
  A death knight (Vaults:2)
  3 satyrs
  7 deep troll earth magi
  9 ogre magi
  3 dancing weapons (Elf:1)
  A tengu warrior (D:15)
  Urug (D:12)
  2 orc high priests (Orc:2)
  A hell knight (Depths:1)
  18 deep elf knights
  Sonja (Lair:4)
  The ghost of Kloppie the Basher, a novice GrBe of Trog (D:10)
  A shadow wraith (D:13)
  12 skeletal warriors
  4 unseen horrors
  A wizard (Depths:1)
  11 deep elf archers
  14 sea snakes
  11 orc knights
  7 ironbrand convokers
  20 deep trolls
  7 hill giants
  17 harpies
  19 orb spiders
  29 ugly things
  41 deep elf magi
  32 wolf spiders
  3 orc sorcerers
  9 cyclopes
  3 moths of wrath (Spider:4)
  10 manticores
  10 fauns
  A salamander (shapeshifter) (D:14)
  4 centaur zombies
  12 elephants
  The ghost of fatfloppyjuicyveiny the Quickloader, a novice KoHu (D:5)
  Joseph (D:8)
  5 vault sentinels
  7 black mambas
  11 sirens
  9 spiny frogs
  8 water nymphs
  The ghost of fatfloppyjuicyveiny the Archer, a novice CeHu (D:4)
  3 gargoyles
  5 torpor snails
  5 rime drakes
  2 centaur skeletons
  26 yaktaurs
  3 freezing wraiths
  8 komodo dragons
  43 jumping spiders
  23 demonic crawlers
  A jumping spider (shapeshifter) (Depths:1)
  6 trolls
  5 polar bears
  5 blink frogs
  13 hornets
  37 merfolk
  17 two-headed ogres
  2 wind drakes (Shoals:4)
  2 raiju (Lair:6)
  11 hippogriffs
  A raiju (shapeshifter) (D:15)
  11 snapping turtles
  Grinder (D:4)
  6 dream sheep
  25 slime creatures
  66 redbacks
  15 water elementals
  A shadow (D:12)
  2 vampires
  2 air elementals (Elf:1)
  7 wraiths
  A wyvern (D:12)
  44 yaks
  30 tarantellas
  A golden eye (shapeshifter) (D:15)
  2 fire elementals
  A basilisk (Lair:6)
  2 steam dragons (Lair:6)
  A hungry ghost (D:11)
  The ghost of Sigrun the Poker, an amateur DsGl (Sewer)
  Menkaure (D:7)
  21 wargs
  5 mottled dragons
  20 water moccasins
  A soldier ant (D:15)
  2 hell hounds (Lair:6)
  6 porcupines
  2 swamp drakes (Lair:6)
  3 eyes of draining
  2 sky beasts
  25 ice beasts
  A black bear (shapeshifter) (Vaults:1)
  3 phantoms
  13 black bears
  3 necrophages
  48 orc warriors
  15 centaurs
  41 ogres
  17 wolves
  5 boggarts
  23 crocodiles
  7 big kobolds
  19 bullfrogs
  2 gnoll sergeants
  2 wyvern zombies
  A water moccasin zombie (D:10)
  5 earth elementals
  3 scorpions
  A wyvern skeleton (D:6)
  20 killer bees
  19 wights
  7 electric eels
  5 crimson imps
  3 howler monkeys
  7 jellies
  A gnoll shaman (D:6)
  31 orc priests
  A bullfrog skeleton (D:9)
  22 hounds
  2 hell rats (Lair:5)
  7 iguanas
  An iguana (shapeshifter) (D:13)
  27 orc wizards
  4 worker ants
  A hound zombie (D:6)
  A hound skeleton (D:8)
  A worker ant zombie (D:11)
  12 gnolls
  19 adders
  5 shadow imps
  8 oozes
  3 adder zombies
  2 adder skeletons
  4 worms
  2 dart slugs (D:2)
  8 leopard geckos
  122 orcs
  7 bats
  6 giant cockroaches
  5 hobgoblins
  9 jackals
  34 kobolds
  3 quokkas
  2 ball pythons
  8 frilled lizards
  A giant cockroach zombie (D:6)
  2 gnoll zombies (D:9)
  6 goblins
  A leopard gecko zombie (D:7)
  A quokka zombie (D:5)
  10 rats
1695 creatures vanquished.

Vanquished Creatures (collateral kills)
  Mara (Spider:3)
  An orc warlord (Orc:2)
  An ettin (Depths:1)
  A merfolk impaler (Shoals:4)
  The ghost of Kloppie the Cleaver, a journeyman DrBe of Trog (Lair:1)
  3 vault guards (D:13)
  2 merfolk aquamancers
  3 harpies (Shoals:3)
  An orc knight (D:15)
  4 orb spiders (Spider:4)
  A faun (Shoals:3)
  2 wolf spiders (Spider:4)
  2 elephants (Lair:5)
  2 yaktaurs (Depths:1)
  A jumping spider (Spider:2)
  6 polar bears (Lair:6)
  A merfolk (Shoals:4)
  2 hornets (Spider:4)
  2 raiju (Lair:6)
  A two-headed ogre (Depths:1)
  3 slime creatures (Depths:1)
  A snapping turtle (Shoals:3)
  4 redbacks
  3 water elementals
  A wyvern (D:13)
  A warg (Lair:6)
  4 hell hounds (Lair:6)
  2 orc warriors
  5 black bears (Lair:6)
  3 ogres
  2 wolves (Lair:6)
  A crocodile (shapeshifter) (Depths:1)
  A bullfrog (D:13)
  A crimson imp (D:13)
  A hound (D:13)
  An orc priest (Orc:2)
  An orc wizard (Orc:2)
  3 hell rats (Lair:5)
  7 orcs
83 creatures vanquished.

Vanquished Creatures (others)
  A deep elf mage (Elf:1)
  An iguana (Lair:6)
  A bush (D:8)
  9 fungi
  35 plants
  5 tentacles (Shoals:3)
52 creatures vanquished.

Grand Total: 1830 creatures vanquished

Notes
Turn   | Place    | Note
-------+----------+-------------------------------------------
     0 | D:1      | Lahna the Gargoyle Berserker began the quest for the Orb.
     0 | D:1      | Reached XP level 1. HP: 14/14 MP: 1/1
   290 | D:1      | Reached XP level 2. HP: 19/19 MP: 2/2
   662 | D:2      | Reached XP level 3. HP: 23/23 MP: 3/3
   778 | D:2      | Found a shimmering altar of Xom.
  1121 | D:2      | Reached ** piety under Trog
  1125 | D:2      | Reached XP level 4. HP: 26/28 MP: 4/4
  1493 | D:3      | Reached skill level 5 in Maces & Flails
  1610 | D:3      | Reached XP level 5. HP: 33/33 MP: 5/5
  2090 | D:3      | You fall through a shaft for 2 floors!
  2090 | D:5      | Entered Level 5 of the Dungeon
  2114 | D:5      | Found a glowing drain.
  2158 | Sewer    | Entered a sewer
  2168 | Sewer    | Reached skill level 5 in Fighting
  2271 | Sewer    | Noticed Sigrun's ghost (amateur DsGl)
  2304 | Sewer    | Killed Sigrun's ghost
  2304 | Sewer    | Reached XP level 6. HP: 25/40 MP: 6/6
  2521 | Sewer    | Reached skill level 5 in Armour
  2682 | Sewer    | Reached *** piety under Trog
  2763 | Sewer    | Reached XP level 7. HP: 44/44 MP: 7/7
  2858 | D:5      | Found a staircase to the Ecumenical Temple.
  2973 | D:4      | Noticed fatfloppyjuicyveiny's ghost (novice CeHu)
  2990 | D:4      | Killed fatfloppyjuicyveiny's ghost
  3283 | D:4      | Found a sparkling altar of Nemelex Xobeh.
  3299 | D:4      | Found a burning altar of Makhleb.
  3300 | D:4      | Found a white marble altar of Elyvilon.
  3301 | D:4      | Found a snail-covered altar of Cheibriados.
  3304 | D:4      | Found a radiant altar of Vehumet.
  3310 | D:4      | Reached XP level 8. HP: 49/49 MP: 8/8
  3337 | D:4      | Noticed Grinder
  3348 | D:4      | Killed Grinder
  3755 | D:4      | You fall through a shaft for 3 floors!
  4089 | D:6      | Found a shadowy altar of Dithmenos.
  4154 | D:6      | Found Dehoceh's Jewellery Boutique.
  4543 | D:5      | Reached **** piety under Trog
  4831 | D:5      | Noticed fatfloppyjuicyveiny's ghost (novice KoHu)
  4843 | D:5      | Killed fatfloppyjuicyveiny's ghost
  4843 | D:5      | Reached XP level 9. HP: 48/54 MP: 9/9
  4973 | D:5      | Noticed Prince Ribbit
  5196 | D:5      | Found a glowing golden altar of the Shining One.
  5898 | D:7      | Noticed Menkaure
  5911 | D:7      | Killed Menkaure
  5956 | D:7      | Reached skill level 10 in Armour
  6226 | D:7      | Reached ***** piety under Trog
  6248 | D:7      | Reached XP level 10. HP: 58/63 MP: 10/10
  6910 | D:7      | Found a glowing silver altar of Zin.
  7451 | D:8      | Found Cacs's Jewellery Shop.
  7632 | D:8      | Reached skill level 10 in Maces & Flails
  7683 | D:8      | Noticed Joseph
  7699 | D:8      | Killed Joseph
  7816 | D:8      | Found a bloodstained altar of Trog.
  7971 | D:9      | Found a glowing silver altar of Zin.
  7999 | D:9      | Received a gift from Trog
  8081 | D:9      | Reached skill level 10 in Fighting
  8353 | D:9      | Found a hide-covered altar of Uskayaw.
  8439 | D:9      | Found a staircase to the Lair.
  8439 | D:9      | Noticed an elephant
  8468 | D:9      | Killed an elephant
  8826 | D:9      | Found a basalt altar of Yredelemnul.
  8971 | D:9      | Reached XP level 11. HP: 57/72 MP: 5/11
  9325 | Lair:1   | Entered Level 1 of the Lair of Beasts
  9325 | Lair:1   | Noticed Angani's ghost (journeyman FoMo)
  9367 | Lair:1   | Killed Angani's ghost
  9383 | Lair:1   | Noticed Kloppie's ghost (journeyman DrBe)
  9585 | Lair:1   | Killed Kloppie's ghost
 11207 | Lair:2   | Found a frozen archway.
 11247 | Lair:2   | Received a gift from Trog
 11258 | Lair:2   | Got a polished dire flail {god gift}
 11263 | Lair:2   | Identified the +2 dire flail of Arrival {venom, rF++ Dex+3} (Trog gifted it to you on level 2 of the Lair of Beasts)
 11315 | IceCv    | Entered an ice cave
 11327 | IceCv    | Reached XP level 12. HP: 80/81 MP: 12/12
 12158 | Lair:3   | Found a hole to the Spider Nest.
 12954 | Lair:3   | Found a staircase to the Shoals.
 12986 | Lair:3   | Noticed a five-headed hydra
 12993 | Lair:3   | Killed a five-headed hydra
 13150 | Lair:4   | Noticed Sonja
 13173 | Lair:4   | Killed Sonja
 13546 | Lair:4   | Reached XP level 13. HP: 83/88 MP: 13/13
 15522 | Lair:6   | Entered Level 6 of the Lair of Beasts
 15549 | Lair:6   | Reached ****** piety under Trog
 15561 | Lair:6   | Found a staircase to the Slime Pits.
 15784 | Lair:6   | Received a gift from Trog
 15923 | Lair:6   | Gained mutation: Your large and strong wings let you fly indefinitely. [Gargoyle growth]
 15923 | Lair:6   | Reached XP level 14. HP: 90/96 MP: 14/14
 15955 | Lair:6   | Reached skill level 5 in Dodging
 16485 | Lair:6   | Reached skill level 15 in Fighting
 17823 | Lair:6   | Received a gift from Trog
 18197 | D:10     | Entered Level 10 of the Dungeon
 18493 | D:10     | Noticed Kloppie's ghost (novice GrBe)
 18509 | D:10     | Killed Kloppie's ghost
 18567 | D:10     | Found a staircase to the Orcish Mines.
 18906 | D:10     | Received a gift from Trog
 19220 | D:11     | Found Cisarch's Jewellery Emporium.
 19231 | D:11     | Reached skill level 15 in Armour
 19695 | D:11     | Found a portal to a secret trove of treasure.
 19758 | D:11     | You fall through a shaft for 3 floors!
 19915 | D:13     | Found a gate to the Vaults.
 19953 | D:13     | Reached XP level 15. HP: 37/104 MP: 9/15
 21516 | D:12     | Received a gift from Trog
 21608 | D:12     | Noticed Urug
 21632 | D:12     | Killed Urug
 21890 | D:12     | Found a sacrificial altar of Ru.
 23542 | D:14     | Found a bloodstained altar of Trog.
 23835 | Orc:1    | Entered Level 1 of the Orcish Mines
 23838 | Orc:1    | Noticed Fannar
 23860 | Orc:1    | Killed Fannar
 23935 | Orc:1    | Received a gift from Trog
 24100 | Orc:2    | Entered Level 2 of the Orcish Mines
 24100 | Orc:2    | Found a staircase to the Elven Halls.
 24374 | Elf:1    | Entered Level 1 of the Elven Halls
 24531 | Orc:2    | Found a radiant altar of Vehumet.
 24569 | Orc:2    | Found Gajyl's Antique Weapon Shop.
 24618 | Orc:2    | Found Yfroh's Antique Armour Boutique.
 24627 | Orc:2    | Bought a shimmering cloak for 199 gold pieces
 24637 | Orc:2    | Identified the +2 cloak "Loafakaq" {*Drain rElec rF+++ rN+} (You bought it in a shop on level 2 of the Orcish Mines)
 24913 | Orc:2    | Found a roughly hewn altar of Beogh.
 24979 | Orc:2    | Found a roughly hewn altar of Beogh.
 25005 | Orc:2    | Found Qiwn's Distillery.
 25058 | Orc:2    | Noticed an orc warlord
 25089 | Orc:2    | Received a gift from Trog
 25089 | Orc:2    | Killed an orc warlord
 25239 | Orc:2    | Found Paewneog's Antique Armour Shoppe.
 25240 | Orc:2    | Found a roughly hewn altar of Beogh.
 25243 | Orc:2    | Found Cuzig's Antique Weapon Emporium.
 25261 | Orc:2    | Bought a glowing chain mail for 304 gold pieces
 25261 | Orc:2    | Bought a runed helmet for 304 gold pieces
 25364 | Orc:2    | Found a roughly hewn altar of Beogh.
 25504 | Orc:2    | Found a roughly hewn altar of Beogh.
 25527 | Orc:2    | Found Zysiy's Gadget Shop.
 25910 | Orc:1    | Noticed Erica
 25918 | Orc:1    | Killed Erica
 25918 | Orc:1    | Reached XP level 16. HP: 114/114 MP: 8/16
 25945 | Orc:1    | Noticed Snorg
 25958 | Orc:1    | Killed Snorg
 26367 | D:15     | Entered Level 15 of the Dungeon
 26783 | D:15     | Found Qiosyu's General Store.
 26785 | D:15     | Bought a scroll of enchant weapon for 112 gold pieces
 27209 | D:15     | Reached skill level 15 in Maces & Flails
 27216 | D:15     | Received a gift from Trog
 27681 | D:15     | Found a staircase to the Depths.
 28494 | Spider:1 | Entered Level 1 of the Spider Nest
 28550 | Spider:1 | Noticed Josephine
 28567 | Spider:1 | Killed Josephine
 28707 | Spider:1 | Received a gift from Trog
 29241 | Spider:1 | Received a gift from Trog
 29552 | Spider:1 | You fall through a shaft!
 29958 | Spider:2 | Got a dazzling chain mail
 29977 | Spider:1 | Identified the +1 chain mail of Ceamuywn {rPois Str+3 Dex+5 SInv} (You found it on level 2 of the Spider Nest)
 30831 | Spider:3 | Noticed Arachne
 30860 | Spider:3 | Noticed dricus's ghost (adept DECj)
 30876 | Spider:3 | Killed dricus's ghost
 30888 | Spider:3 | Reached XP level 17. HP: 74/119 MP: 5/17
 31742 | Spider:3 | Noticed Asterion
 31762 | Spider:3 | Killed Asterion
 31832 | Spider:3 | Killed Arachne
 32042 | Spider:3 | Noticed Mara
 32044 | Spider:3 | Noticed Lahna's illusion
 32049 | Spider:3 | Noticed Donald
 32345 | Spider:3 | Noticed Lahna's illusion
 32355 | Spider:3 | Killed Mara
 32395 | Spider:3 | Killed Donald
 32756 | Spider:3 | Noticed Aizul
 32780 | Spider:3 | Killed Aizul
 33773 | Spider:3 | Received a gift from Trog
 34030 | Spider:4 | Entered Level 4 of the Spider Nest
 35408 | Spider:4 | Reached XP level 18. HP: 79/125 MP: 0/18
 35609 | Spider:4 | Received a gift from Trog
 35619 | Spider:4 | Got a gossamer rune of Zot
 36721 | Elf:1    | Got a heavily runed leather armour
 36732 | Elf:1    | Identified the +2 leather armour of Submission {rPois rC+ Dex+3} (You found it on level 1 of the Elven Halls)
 37033 | Elf:1    | Found Umownali's Armour Shop.
 37454 | Elf:1    | Received a gift from Trog
 37638 | Elf:1    | Found Duthrem's Antique Armour Emporium.
 37646 | Elf:1    | Bought a crude scale mail for 279 gold pieces
 37657 | Elf:1    | Identified the +5 scale mail "Urchaxt" {+Inv Slay+4 SInv} (You bought it in a shop on level 1 of the Elven Halls)
 38155 | Elf:2    | Found Heppop's Armour Shoppe.
 38808 | Depths:1 | Entered Level 1 of the Depths
 39012 | D:15     | Received a gift from Trog
 39608 | Depths:1 | Found a gateway to a ziggurat.
 39834 | Depths:1 | Reached XP level 19. HP: 104/130 MP: 13/19
 40240 | D:15     | Received a gift from Trog
 40852 | D:15     | Identified a scroll of acquirement
 40860 | D:15     | Got a brightly glowing plate armour
 40871 | D:15     | Identified the +1 plate armour "Ruuhax" {rPois Str+6 Int+6} (You acquired it on level 15 of the Dungeon)
 41315 | Depths:1 | Found Orreroin's Jewellery Shop.
 41810 | Shoals:1 | Entered Level 1 of the Shoals
 42117 | Shoals:1 | Found a runed door.
 43160 | Shoals:2 | Found a deep blue altar of Sif Muna.
 43464 | Shoals:2 | Received a gift from Trog
 44960 | Shoals:4 | Entered Level 4 of the Shoals
 45126 | Shoals:4 | Received a gift from Trog
 45132 | Shoals:4 | Reached XP level 20. HP: 111/140 MP: 16/20
 45727 | Shoals:4 | Noticed Ilsuiw
 46187 | Shoals:4 | Killed Ilsuiw
 46541 | Shoals:4 | Found Jaostie's Antique Weapon Shop.
 46836 | Shoals:4 | Received a gift from Trog
 46861 | Shoals:4 | Got a barnacled rune of Zot
 47216 | Vaults:1 | Entered Level 1 of the Vaults
 48924 | Vaults:1 | Received a gift from Trog
 49471 | Vaults:1 | Reached XP level 21. HP: 95/146 MP: 14/21
 51061 | Vaults:2 | Found a staircase to the Crypt.
 51061 | Vaults:2 | Found an ancient bone altar of Kikubaaqudgha.
 51061 | Vaults:2 | Found a basalt altar of Yredelemnul.
 51083 | Vaults:2 | Reached skill level 10 in Dodging
 51373 | Vaults:2 | Found Buxyaky's Assorted Antiques.
 51402 | Vaults:2 | Bought a small ruby amulet for 160 gold pieces
 51481 | Vaults:2 | Received a gift from Trog
 51988 | Vaults:2 | Noticed Xtahua
 51998 | Vaults:2 | Killed Xtahua
 52511 | Vaults:2 | Found Vyutes's Armour Shop.
 52532 | Vaults:2 | Bought a +2 helmet of see invisible for 387 gold pieces
 52892 | Elf:2    | Bought a +1 plate armour of cold resistance for 595 gold pieces
 53279 | Vaults:2 | Received a gift from Trog
 53750 | Vaults:3 | Noticed Jory
 53769 | Vaults:3 | Killed Jory
 54579 | Vaults:3 | Reached XP level 22. HP: 119/152 MP: 22/22
 54600 | Vaults:3 | HP: 3/228 [ettin/dire flail (25)]
 54600 | Vaults:3 | Slain by an ettin

Skill      XL: |  1  2  3  4  5  6  7  8  9 10 11 12 13 14 15 16 17 18 19 20 21 |
---------------+----------------------------------------------------------------+-----
Maces & Flails | 4 5 7 9 10 12 14 17 19 20 21 | 21.0
Fighting       | 4 5 7 10 12 13 14 16 18 20 | 20.0
Armour         | 4 5 8 10 11 14 15 16 18 19 21 | 21.0
Dodging        | 2 4 5 7 9 13 | 13.6

Action                   |  1- 3 |  4- 6 |  7- 9 | 10-12 | 13-15 | 16-18 | 19-21 | 22-24 || total
-------------------------+-------+-------+-------+-------+-------+-------+-------+-------++-------
Melee: Mace              |   104 |   282 |    43 |       |       |       |       |       ||   429
       Flail             |       |       |   202 |   246 |       |       |       |       ||   448
       Morningstar       |       |       |   171 |       |       |       |       |       ||   171
       Dire flail        |       |       |       |   773 |  1973 |       |       |       ||  2746
       Great mace        |       |       |       |       |   204 |  1663 |  1659 |    19 ||  3545
Invok: Berserk           |       |     2 |     4 |     1 |     4 |     4 |     3 |     1 ||    19
       Burn Spellbooks   |       |       |     2 |     1 |     2 |     3 |     6 |       ||    14
       Brothers in Arms  |       |       |       |     1 |     4 |     6 |     3 |       ||    14
       Trog's Hand       |       |       |       |       |     1 |     7 |     2 |       ||    10
 Abil: Fly               |       |       |       |       |       |       |     1 |       ||     1
       Stop Flying       |       |       |       |       |       |       |     1 |       ||     1
  Use: Scroll            |       |     4 |     9 |    10 |     9 |    11 |    16 |       ||    59
       Potion            |       |       |       |       |     1 |     5 |     6 |       ||    12
 Stab: Held in net/web   |       |       |       |       |       |     1 |       |       ||     1
       Distracted        |       |       |       |       |       |     1 |       |       ||     1
  Eat: Chunk             |     1 |     8 |    16 |    24 |    44 |    32 |    48 |       ||   173
       Fruit             |       |       |       |     1 |     4 |    23 |     4 |       ||    32
       Pizza             |       |       |       |       |     1 |     1 |     1 |       ||     3
       Royal jelly       |       |       |       |       |       |     1 |       |       ||     1
Armor: Plate armour      |    66 |   311 |   292 |   921 |  1457 |  1806 |   327 |     4 ||  5184
       Animal skin       |     1 |       |       |       |       |       |       |       ||     1
       Chain mail        |       |       |       |       |       |    62 |       |       ||    62
       Scale mail        |       |       |       |       |       |   135 |  1281 |       ||  1416
Dodge: Dodged            |    31 |   121 |   143 |   461 |   926 |  1250 |  1517 |    11 ||  4460
